[Event "Galician-chT Honour Playoff 2022"]
[Site "Vilagarcia"]
[Date "2022.04.23"]
[Round "1"]
[White "Sousa, Andre Ventura"]
[Black "Reinaldo Castineira, Roi"]
[Result "1/2-1/2"]
[ECO "C02"]
[WhiteElo "2429"]
[BlackElo "2495"]
[Annotator "TA"]
[PlyCount "131"]
[EventDate "2022.04.23"]
[EventType "team-tourn"]
[EventCountry "ESP"]
[SourceTitle "playchess.com"]
[Source "ChessBase"]
[SourceQuality "1"]
[TimeControl "5400+30"]

1. e4 e6 2. d4 d5 3. e5 c5 4. c3 Nc6 5. Nf3 Bd7 6. Bd3 Rc8 7. O-O {[%emt 0:00:47] C02: French: Advance Variation.} cxd4 8. Re1 Nge7 {[%emt 0:06:19] [#]} (8... Qb6 $15) 9. Bg5 $146 (9. Nxd4 $11 Nxd4 10. cxd4) ({Predecessor:} 9. h4 h6 10. a3 dxc3 11. Nxc3 a6 12. Be3 Na5 13. Qe2 Nc4 14. Bc1 b5 15. a4 {1-0 (72) Hector,J (2532)-Brynell,S (2461) Vaxjo 2008}) 9... Qb6 $15 10. Na3 Nf5 (10... Qxb2 $2 11. Nb5 Ng6 12. Re2 dxc3 13. Rxb2 cxb2 14. Rb1 $18) 11. Nc2 h6 (11... Qxb2 12. Bxf5 exf5 13. Nfxd4 $14) 12. Bd2 dxc3 (12... Qxb2 13. Bxf5 dxc3 14. Bc1 $14) 13. bxc3 Bc5 14. Rb1 Qc7 (14... Bxf2+ $2 15. Kf1 Qc5 16. Re2 $18 (16. Rb5 Qxb5 17. Bxb5 Bxe1 $16)) 15. h4 O-O 16. h5 Nfe7 17. Ne3 ({White should try} 17. Ncd4 $15) 17... Nxe5 $17 18. Nxe5 Qxe5 19. Ng4 Qc7 {[%emt 0:04:38] Strongly threatening ...Bd6.} 20. Nxh6+ gxh6 21. Qg4+ Kh8 (21... Ng6 $2 22. hxg6 f6 23. Bxh6 $18) 22. Bxh6 Rg8 {[%emt 0:00:39] Prevents Qg7+.} 23. Qh4 Qg3 $1 24. Qf6+ {[%emt 0:00:04] [#]} Rg7 $1 25. Bg6 {[%emt 0:05:33][%csl Gh6][%cal Rf6g7] [#]} ({Reject} 25. Bxg7+ Qxg7 26. Qxg7+ Kxg7 27. Rxb7 Bc6 $19) 25... Nf5 (25... Qxf2+ $1 $17 {and life is bright.} 26. Qxf2 Bxf2+ 27. Kxf2 fxg6 28. Bxg7+ Kxg7 29. Rxb7 Rd8 30. hxg6 a5) 26. Bxg7+ $18 Nxg7 {[%emt 0:00:02] [#]} 27. Bxf7 $2 {[%emt 0:03:58] Really sharp!} ({Only move:} 27. Rxb7 $1 $18 Bxf2+ (27... fxg6 28. Rxd7) 28. Qxf2 Qxf2+ 29. Kxf2 fxg6 30. Rxd7) 27... Qxf2+ $1 $11 28. Qxf2 Bxf2+ 29. Kxf2 Rf8 {[%emt 0:00:03] [#]} 30. Rxb7 $1 Rxf7+ 31. Ke3 Nf5+ 32. Kd2 Ng3 33. Kc1 {[%emt 0:00:35][%mdl 1024] White has compensation.} Kg7 34. Rxa7 Nxh5 35. a4 Nf4 (35... Nf6 $11) 36. Kd2 $1 $14 {[%emt 0:00:26] Rf1 is the strong threat.} Nh5 {[%emt 0:03:10] [#]} (36... e5 $14) 37. a5 $1 $16 Ng3 38. a6 Ne4+ 39. Rxe4 dxe4 {[%emt 0:00:15][%mdl 4096] Endgame KRB-KR} 40. Rc7 {[%emt 0:00:06] Inhibits Bc6.} e3+ 41. Kxe3 {[%emt 0:00:31] Hoping for a7.} Bb5 $2 (41... Kf6 $1 $11 {and Black is okay.}) 42. a7 $18 (42. Rxf7+ Kxf7 43. a7 Bc6 $19) 42... Rxc7 43. a8=Q Rxc3+ {[%emt 0:00:24] KQ-KRB} 44. Kf4 {[%emt 0:00:35] And now Qb7+ would win.} Rd3 $2 (44... Rc7 45. Qa1+ Kg8) 45. Qa1+ $2 (45. Qe4 Kf7 46. Qh7+ Kf6 47. Qh4+ Kg6 48. Qg5+ Kf7 49. Qxb5) 45... Kf7 46. Qa7+ Rd7 47. Qb6 Rd5 48. g4 {[%emt 0:00:05] Prevents Rf5+.} Be2 $2 (48... Be8 49. g5 Rf5+ 50. Kg4 Kg7 51. Qxe6 Bg6 52. Qe7+ Rf7 53. Qe5+ Kg8) 49. Qc7+ Kf6 50. g5+ $2 (50. Qh7 {[%cal Og4g5] White wants to mate with g5+!} e5+ 51. Kg3) 50... Kg6 51. Qe7 (51. Qb8 $18 {Threatening mate with Qg8+.} Kh7 52. Qb1+ Rf5+ 53. Kg3 (53. Ke3 Bh5 $14)) 51... Rf5+ $11 52. Ke3 Bc4 53. Qe8+ Kxg5 54. Qg8+ Kf6 55. Qf8+ Ke5 56. Qh8+ Kd6 $1 57. Qd4+ Bd5 58. Qb6+ Bc6 59. Qd8+ Bd7 60. Qb6+ Ke7 61. Qb4+ Kf7 62. Qb7 Re5+ 63. Kf4 Rd5 64. Ke4 Kf6 65. Qxd5 exd5+ 66. Kxd5 {White really could win this.  Weighted Error Value: White=0.50/Black=0.33} 1/2-1/2

[Event "Galician-chT Honour Playoff 2022"]
[Site "Vilagarcia"]
[Date "2022.04.23"]
[Round "1"]
[White "Gomez Dieguez, David"]
[Black "Abal Cores, Lucas"]
[Result "1-0"]
[ECO "B88"]
[WhiteElo "2310"]
[BlackElo "2309"]
[Annotator "TA"]
[PlyCount "75"]
[EventDate "2022.04.23"]
[EventType "team-tourn"]
[EventCountry "ESP"]
[SourceTitle "playchess.com"]
[Source "ChessBase"]
[SourceQuality "1"]
[TimeControl "5400+30"]

1. e4 c5 2. Nc3 Nc6 3. Nge2 d6 4. d4 cxd4 5. Nxd4 Nf6 6. Bc4 e6 7. Bg5 Be7 8. Qd2 a6 {[%emt 0:05:36] B63: Sicilian: Richter-Rauzer: 7...Be7 and unusual Black 7th moves.} 9. O-O-O Qa5 (9... Bd7 $11) 10. Nxc6 bxc6 {[%emt 0:00:12] White is slightly better.} 11. Kb1 {[%emt 0:00:14] [#]} Qc7 $146 (11... Bb7 $14) ({Predecessor:} 11... h6 12. Bxf6 gxf6 13. Rhe1 Rb8 14. Bb3 h5 15. f4 Rg8 16. f5 Qe5 17. g3 h4 18. gxh4 {1-0 (65) Zarubitski,V (2435)-Pour Agha Bala,A (2420) Aktobe 2019}) 12. Bxf6 gxf6 13. Qh6 Rb8 14. f4 {[%emt 0:07:11][%cal Of4f5] White is much more active.} (14. Qg7 Rf8 $14) 14... Bd7 (14... Qb7 $142 15. Bb3 c5) 15. f5 $16 (15. Qg7 $6 Rf8 $16) 15... e5 (15... Rf8 $16 16. fxe6 (16. Qxh7 exf5 17. Rhe1 Qa5 $16) 16... fxe6) 16. g4 {[%emt 0:08:13] Strongly threatening Bb3.} (16. Qg7 $6 Rf8 $16) 16... Qb7 $2 (16... d5) 17. Bb3 $1 $18 c5 18. Qg7 Rf8 19. Nd5 (19. g5 $142 c4 20. gxf6 $1 cxb3 21. axb3) 19... c4 {[%emt 0:02:39] aiming for ...Bc6.} 20. Nxf6+ (20. Nxe7 $6 cxb3 21. axb3 Kxe7 $11) 20... Kd8 $2 {[%emt 0:00:40][%mdl 8192] [#]} (20... Bxf6 $16 {is tougher.} 21. Qxf6 cxb3 22. axb3 Bc8) 21. Nxd7 $2 (21. Nxh7 $1 $18 cxb3 22. axb3) 21... Kxd7 $16 {[%emt 0:00:54] [#]} 22. Ba4+ (22. f6 $142 $1 cxb3 23. axb3 Qxe4 24. fxe7) 22... Kc7 23. b3 $36 {[%emt 0:01:21][%mdl 2048] Black must now prevent f6. White has strong initiative.} Qb4 {[%emt 0:01:03] [#] And now ...Qxa4 would win.} 24. f6 $1 Qxa4 25. fxe7 (25. Kb2 $1 $16) 25... cxb3 $11 26. cxb3 (26. axb3 Rxb3+ $1 27. Kc1 Qa3+ 28. Kd2 Qb4+ 29. c3 Qxc3+ 30. Ke2 Rb2+ 31. Kf1 Qf3+ 32. Kg1 Qxd1#) 26... Rxb3+ 27. Ka1 {[%emt 0:00:01] Dancing on a razor blade.} (27. axb3 Qxb3+ 28. Ka1 Qa3+ 29. Kb1 Rb8+ 30. Kc2 Rb2+ 31. Kc1 Qc3#) 27... Rfb8 {[%emt 0:00:22][%cal Ob3b1] ( -> ...Rb1+!)} 28. e8=N+ $2 (28. Qxh7 $2 Rb1+ $3 29. Rxb1 Qd4+) (28. Rd2 $14 Rf3 29. Rc1+ (29. Qxh7 {leads to mate.} Qc4 30. e8=N+ Kd7 31. Rxd6+ Kc8) 29... Kd7 30. Qxe5 (30. Qxh7 $2 Qb4 $19)) 28... Kd8 29. Rxd6+ (29. Nxd6 $2 Rb1+ $3 30. Rxb1 Qd4+) 29... Ke7 30. Qxe5+ Kf8 31. Qh8+ (31. Nf6 $142 Qb5 32. Nxh7+ Kg8 33. Nf6+ Kf8 34. Nd7+ Kg8 35. axb3 Qxe5+ 36. Nxe5) 31... Ke7 $18 32. Qe5+ Kf8 33. Nf6 {[%emt 0:00:44] White mates.} R3b5 34. Nxh7+ (34. Nd5 $2 {is a self mate.} Qxa2+ $3 35. Kxa2 Ra5#) 34... Kg8 35. Nf6+ Kf8 36. Rd5 (36. Nd5 $2 {[#] gets mated.} Qxa2+ $3 37. Kxa2 Ra5#) 36... Qc2 37. Nd7+ Kg8 38. Qg5+ {[%emt 0:00:06] Weighted Error Value: White=0.47/Black=0.76} 1-0

[Event "Galician-chT Honour Playoff 2022"]
[Site "Vilagarcia"]
[Date "2022.04.23"]
[Round "1"]
[White "Torrado Quintela, Julio"]
[Black "Hernandez Estevez, Yudania"]
[Result "1-0"]
[ECO "B11"]
[WhiteElo "2140"]
[BlackElo "2189"]
[Annotator "TA"]
[PlyCount "57"]
[EventDate "2022.04.23"]
[EventType "team-tourn"]
[EventCountry "ESP"]
[SourceTitle "playchess.com"]
[Source "ChessBase"]
[SourceQuality "1"]
[TimeControl "5400+30"]

1. e4 c6 2. Nc3 d5 3. Nf3 Bg4 4. h3 Bxf3 5. Qxf3 e6 6. d3 Nd7 7. Bd2 g6 {[%emt 0:08:41] now scores much better than the old 7...Ngf6. B11: Caro-Kann: Two Knights Variation.} 8. g4 Bg7 9. Bg2 (9. exd5 cxd5 10. Bg2 Ne7 $15) 9... Ne7 {[%emt 0:01:39] The position is equal.} 10. O-O-O {[%emt 0:04:03] [#]} (10. exd5 cxd5 11. O-O O-O $11) 10... O-O $146 (10... h5 $14) ({Predecessor:} 10... a6 11. Qg3 b5 12. f4 b4 13. Ne2 Qb8 14. h4 a5 15. Kb1 a4 16. e5 c5 {½-½ (51) Kyc,J (2096)-Tomaszewski,K (2012) Szczyrk 2014}) 11. h4 {[%emt 0:04:07] White is more active.} f5 (11... dxe4 $14 12. dxe4 Ne5) 12. gxf5 Qb6 {[%emt 0:15:25] [#]} (12... gxf5 $16 13. Qg3 Kh8) 13. Qg3 $1 $18 {[%emt 0:10:45] aiming for Qd6.} (13. exd5 cxd5 14. h5 Rxf5 $11) 13... Nc5 (13... dxe4 {is a better defense.} 14. dxe4 (14. Qd6 Nxf5 15. Qxd7 Rfe8 $16) 14... exf5) 14. d4 Bxd4 15. fxg6 dxe4 $2 (15... Bg7 16. gxh7+ Kh8) 16. gxh7+ Kh8 17. Be3 Bxe3+ 18. fxe3 {[%emt 0:00:13] [#] Strongly threatening Qe5+.} Nf5 19. Qe5+ Ng7 20. Nxe4 Rf5 (20... Nxe4 {might work better.} 21. Qxe4 (21. Bxe4 Qxe3+ 22. Kb1 Rf5 $14) 21... Qa5) 21. Qc3 Na4 22. Qb3 Qa5 (22... Qxb3 {was necessary.} 23. axb3 (23. cxb3 Nc5 $18) 23... Nc5 24. Nxc5 Rxc5) 23. Rhf1 ({Not} 23. Qxb7 Raf8 24. Qe7 Re8 $18) 23... Raf8 (23... Rxf1 24. Bxf1 Nc5 25. Nxc5 Qxc5 26. Qxb7 Rf8) 24. Rxf5 Rxf5 25. Ng5 Nc5 26. Qc4 Qc7 27. Qd4 {[%emt 0:02:30] Qd8+ would kill now.} Rxg5 28. hxg5 b6 29. g6 {[%emt 0:00:12] Black got outplayed after the opening.  Weighted Error Value: White=0.48/Black=0.93} 1-0

[Event "Galician-chT Honour Playoff 2022"]
[Site "Vilagarcia"]
[Date "2022.04.23"]
[Round "1"]
[White "Gomez Carreno, Martin"]
[Black "Segura Santos, Luis"]
[Result "0-1"]
[ECO "B23"]
[WhiteElo "2133"]
[BlackElo "2110"]
[Annotator "TA"]
[PlyCount "76"]
[EventDate "2022.04.23"]
[EventType "team-tourn"]
[EventCountry "ESP"]
[SourceTitle "playchess.com"]
[Source "ChessBase"]
[SourceQuality "1"]
[TimeControl "5400+30"]

1. e4 c5 2. Nc3 a6 3. Nge2 d6 4. d4 cxd4 5. Qxd4 Nc6 6. Qd2 {[%emt 0:00:06] B23: Closed Sicilian: Lines without g3.} Nf6 7. b3 e6 8. Bb2 {[%emt 0:04:36] [#] The position is equal.} Be7 $146 ({Predecessor:} 8... b5 9. O-O-O Qb6 10. f3 h5 11. Kb1 Bb7 12. Nf4 Be7 13. a4 b4 14. Nce2 Qc7 {1-0 (75) Tomczak,J (2625)-Saric,I (2650) Germany 2021}) 9. O-O-O O-O 10. Kb1 Qa5 11. f3 Rd8 12. Nd4 d5 (12... Qc7 $11) 13. exd5 ({And not} 13. Nxd5 Qxd2 14. Nxe7+ Nxe7 $11) ({White should play} 13. Nxc6 $1 $16 bxc6 14. Nxd5 $1 Qxd2 15. Nxe7+ Kh8 16. Rxd2 Rxd2 17. Kc1) 13... exd5 $11 14. Na4 {[%emt 0:20:42] aiming for Nxc6.} Qc7 15. Bd3 b5 {[%emt 0:02:45] ...Nxd4 is the strong threat.} 16. Nxc6 Qxc6 17. Nc3 Bb4 {[%emt 0:01:29] Strongly threatening ...d4.} 18. a3 Ba5 {[%emt 0:01:07] [#]} (18... Bc5 $14) 19. Nxd5 $1 $18 Nxd5 20. Qxa5 Be6 21. c4 bxc4 22. bxc4 (22. Bxc4 $142 Rd6 23. Rhe1) 22... Nb6 $2 {[%emt 0:09:07][%mdl 8192] [#]} (22... Qb6 $16 {is more resistant.} 23. Qxb6 Nxb6) 23. Qc3 $2 (23. Qg5 $1 $18 f6 24. Bxf6) 23... f6 $11 {[%emt 0:00:58] And now ...Na4 would win. Active counter play!} 24. Be4 Qa4 25. Bc2 $132 {[%emt 0:01:56][%mdl 2048] White is not holding back. This bishop pair is nice.} Qxc4 {[%emt 0:01:14] White must now prevent ...Qa2+.} 26. Qxc4 Nxc4 27. Rxd8+ Rxd8 28. Re1 Kf7 {[%emt 0:02:36] Hoping for ...Rb8.} 29. Ka1 ({Don't blunder} 29. Bxh7 $2 Rb8 30. Re2 g6 $19) (29. Bc1 $11) 29... Nxb2 $17 ({Reject} 29... Rd2 $6 30. Bb3 $15) 30. Kxb2 {[%emt 0:00:02][%mdl 4096] Endgame KRB-KRB} Rd2 31. Kc3 Rxg2 32. h4 (32. Bxh7 $17 Rf2 33. Be4) 32... Rh2 (32... Rf2 $19 33. Bd1 h5) 33. Re4 $2 {[%emt 0:00:26][%mdl 8192] [#]} (33. Bxh7 $17 Rh3 34. Bg8+ Kxg8 35. Rxe6) 33... Rxc2+ $1 $19 {[%emt 0:00:29][%mdl 512] Black is clearly winning.} 34. Kxc2 Bf5 35. Kc3 Bxe4 36. fxe4 Ke6 37. Kd4 h5 38. a4 g5 {[%emt 0:00:13] What a bad dream for White.  Weighted Error Value: White=0.70/Black=0.40} 0-1

[Event "Galician-chT Honour Playoff 2022"]
[Site "Vilagarcia"]
[Date "2022.04.23"]
[Round "1"]
[White "Rodriguez Ferreiros, Andres"]
[Black "Del Prado Rodriguez, Xulio"]
[Result "0-1"]
[ECO "C89"]
[WhiteElo "2108"]
[BlackElo "2347"]
[Annotator "TA"]
[PlyCount "92"]
[EventDate "2022.04.23"]
[EventType "team-tourn"]
[EventCountry "ESP"]
[SourceTitle "playchess.com"]
[Source "ChessBase"]
[SourceQuality "1"]
[TimeControl "5400+30"]

1. e4 e5 2. Nf3 Nc6 3. Bb5 a6 4. Ba4 Nf6 5. O-O Be7 6. Re1 b5 7. Bb3 O-O 8. c3 d5 9. exd5 Nxd5 10. Nxe5 Nxe5 11. Rxe5 c6 12. g3 {[%emt 0:03:46] 12.d3 is a critical line.} Bd6 13. Re1 $1 Qf6 {[%emt 0:09:03][%cal Od5f4] C89: Closed Ruy Lopez: Marshall Attack.} 14. d3 Bf5 15. Nd2 Bxd3 {[%emt 0:10:39] [#] White is slightly better.} 16. Ne4 $146 ({Predecessor:} 16. Nf3 Bg6 17. Bxd5 cxd5 18. Qxd5 Bxg3 19. hxg3 Rfd8 20. Bg5 Rxd5 21. Bxf6 gxf6 22. a4 {1-0 (46) Schulz,G (2380)-Postolovsky,V (2276) ICCF email 2006}) 16... Bxe4 17. Rxe4 Rae8 18. Bxd5 cxd5 19. Rxe8 Rxe8 20. Be3 {[%emt 0:17:26] Against Bc5} Rd8 21. Qg4 Qe6 22. Qf3 Qe4 23. Kg2 f6 24. Rd1 {[%emt 0:01:00] [#] Qxe4 is the strong threat.} Bc7 25. h4 h5 26. Rd4 Qxf3+ 27. Kxf3 $11 {[%emt 0:00:02][%mdl 4096] Endgame KRB-KRB} Kf7 28. a4 Be5 29. Rb4 Bd6 30. Rd4 Ke6 31. axb5 axb5 32. Bf4 Bc5 33. Rd2 b4 34. Re2+ Kf5 35. Be3 Bd6 36. Bd4 b3 37. Ke3 $2 {[%emt 0:01:50][%mdl 8192] [#]} (37. Rd2 $11) 37... Re8+ $1 $19 38. Kd3 Rxe2 39. Kxe2 {[%emt 0:00:06] KB-KB} Ke4 40. Be3 Be5 {[%emt 0:01:22][%cal Oe5c3] And now ...Bxc3! would win.} 41. Bd2 (41. Bc1) 41... d4 {[%emt 0:00:36] Threatens to win with ...dxc3. Black is clearly winning.} 42. cxd4 Bxd4 43. Bc1 g6 44. f3+ Kd5 45. Kd3 Be5 46. g4 f5 {[%emt 0:00:12] Weighted Error Value: White=0.38/Black=0.07 (flawless)} 0-1